 Dungeon Crawl Stone Soup version 0.24-a0-417-g1cce26a (webtiles) character file.

Game seed: 1369713509833692119

218 Blakey the Ruffian (level 5, -6/42 HPs)
             Began as a Draconian Transmuter on June 9, 2019.
             Was a Follower of Okawaru.
             Mangled by Grinder (11 damage)
             ... while paralysed by Grinder
             ... on level 4 of the Dungeon.
             The game lasted 00:34:04 (3108 turns).

Blakey the Ruffian (Draconian Transmuter)           Turns: 3108, Time: 00:34:05

Health: -6/42      AC:  5    Str: 13      XL:     5   Next: 63%
Magic:  3/8        EV:  2    Int: 14      God:    Okawaru [*.....]
Gold:   132        SH:  0    Dex:  9 (11) Spells: 2/8 levels left

rFire    + . .     SeeInvis .   r - +0 falchion
rCold    . . .     Gourm    .   k - +2 buckler
rNeg     + . .     Faith    .   (armour unavailable)
rPois    .         Spirit   .   (helmet restricted)
rElec    .         Reflect  .   (no cloak)
rCorr    .         Harm     .   (no gloves)
MR       .....                  (no boots)
Stlth    +++.......             (no amulet)
HPRegen  0.14/turn              q - ring of positive energy
MPRegen  0.11/turn              l - ring of protection from fire

@: paralysed, heroism, very slightly contaminated, hasted
A: unfitting armour, cold-blooded, AC +5
a: Heroism, Renounce Religion


You were on level 4 of the Dungeon.
You worshipped Okawaru.
Okawaru was aware of your devotion.
You were not hungry.

You visited 1 branch of the dungeon, and saw 4 of its levels.

You collected 132 gold pieces.

Inventory:

Hand Weapons
 d - a +0 mace
 f - a +0 spear
 h - a +0 club
 j - a +0 hunting sling
 n - a +0 dagger
 r - a +0 falchion (weapon)
 y - a +0 hunting sling
 z - a +0 club
Missiles
 a - 53 arrows
 i - 25 bolts
 o - 18 poisoned darts (quivered)
Armour
 g - a +0 robe
 k - a +2 buckler (worn)
 m - a +0 ring mail
Jewellery
 l - a ring of protection from fire (right hand)
 q - a ring of positive energy (left hand)
Scrolls
 s - a scroll of random uselessness {unknown}
 t - a scroll of blinking {unknown}
 u - 2 scrolls of immolation {unknown}
 v - a scroll of fear {unknown}
 w - 2 scrolls of identify {unknown}
 x - 2 scrolls of magic mapping
 A - a scroll of remove curse
Potions
 e - 3 potions of haste
 p - a potion of invisibility
Comestibles
 c - 3 rations


   Skills:
 + Level 2.3(7.3) Fighting
 + Level 2.0(7.0) Long Blades
 + Level 0.1(5.1) Maces & Flails
 + Level 2.3(7.3) Polearms
 + Level 1.0(6.0) Throwing
 + Level 2.4(7.4) Dodging
 + Level 0.5(5.5) Stealth
 + Level 0.3(5.3) Shields
 + Level 3.1(8.1) Unarmed Combat
 + Level 2.3 Spellcasting
 + Level 2.6 Transmutations


You had 2 spell levels left.
You knew the following spells:

 Your Spells              Type           Power        Failure   Level  Hunger
a - Beastly Appendage     Tmut           #.....       8%          1    #......
b - Sticks to Snakes      Tmut           #.......     12%         2    ###....
c - Spider Form           Tmut/Pois      #.........   36%         3    ###....

Your spell library contained the following spells:

 Spells                   Type           Power        Failure   Level  Hunger
 Ice Form                 Ice/Tmut       #.......     80%         4    #####..
 Blade Hands              Tmut           #.........   91%         5    ######.


Dungeon Overview and Level Annotations

Branches:
Dungeon (4/15)
 Temple: D:4-7

Altars:
Ashenzari
Okawaru

Annotations:
D:4 Grinder


Innate Abilities, Weirdness & Mutations

Your plain brown scales are hard. (AC +5)
You cannot fit into any form of body armour.
You are cold-blooded and may be slowed by cold attacks.


Message History

Grinder hits you.
* * * LOW HITPOINT WARNING * * *
You closely miss Grinder.
Grinder is lightly wounded.
Grinder gestures at you. Pain shoots through your body!
* * * LOW HITPOINT WARNING * * *
Casting: Sticks to Snakes (safe; 19% risk of failure)
Confirm with . or Enter, or press ? or * to list all spells.
Okay, then.
Casting: Sticks to Snakes (safe; 19% risk of failure)
Confirm with . or Enter, or press ? or * to list all spells.
Okay, then.
You gain the combat prowess of a mighty hero.
Grinder hits you but does no damage.
There is a stone staircase leading down here.
Grinder gestures at you.
You suddenly lose the ability to move!
Grinder hits you!
You die...

..###### #....... ##....#
## ###.....# ###### ..####
##.÷.....###....## #......
..÷..........##..###....(..
..######....####...(# ..#
#........[.### #.##
##......5@## ##<#
########.# ### ###


You could see Grinder.

Vanquished Creatures
  2 hounds
  4 adders
  A worm (D:2)
  2 dart slugs (D:1)
  A leopard gecko (D:2)
  2 orcs (D:3)
  3 giant cockroaches
  6 hobgoblins
  5 jackals
  4 bats (D:1)
  3 frilled lizards
  3 goblins
  6 kobolds
  9 rats
  A plant (D:3)
52 creatures vanquished.

Vanquished Creatures (collateral kills)
  A scorpion (D:4)
  2 worker ants (D:4)
  A worm (D:3)
  A bat (D:3)
  A jackal (D:4)
6 creatures vanquished.

Grand Total: 58 creatures vanquished

Notes
Turn   | Place    | Note
-------+----------+-------------------------------------------
     0 | D:1      | Blakey the Draconian Transmuter began the quest for the
                  | Orb.
     0 | D:1      | Reached XP level 1. HP: 16/16 MP: 3/3
   185 | D:1      | Reached XP level 2. HP: 8/23 MP: 5/5
  1273 | D:2      | Reached skill level 1 in Polearms
  1295 | D:2      | Reached XP level 3. HP: 23/28 MP: 6/6
  1436 | D:2      | Found a shattered altar of Ashenzari.
  1447 | D:2      | Became a worshipper of Ashenzari the Shackled
  1452 | D:2      | Learned a level 2 spell: Sticks to Snakes
  1456 | D:2      | Learned a level 3 spell: Spider Form
  2143 | D:3      | Reached XP level 4. HP: 35/35 MP: 7/7
  2398 | D:3      | Found a faded altar of an unknown god.
  2400 | D:3      | Fell from the grace of Ashenzari
  2400 | D:3      | Became a worshipper of Warmaster Okawaru
  2400 | D:3      | Reached * piety under Okawaru
  2535 | D:3      | Reached skill level 1 in Throwing
  2832 | D:4      | Reached XP level 5. HP: 21/40 MP: 1/8
  2842 | D:4      | Reached skill level 1 in Long Blades
  3057 | D:4      | Noticed Grinder
  3057 | D:4      | Paralysed by Grinder for 5 turns
  3071 | D:4      | Paralysed by Grinder for 7 turns
  3095 | D:4      | Paralysed by Grinder for 6 turns
  3102 | D:4      | Was forgiven by Ashenzari
  3106 | D:4      | Paralysed by Grinder for 3 turns
  3108 | D:4      | Mangled by Grinder

Levels and vault maps discovered:
D:1:      roderic_crossed_star, layout_basic
D:2:      layout_rooms, lemuel_coloured_pillars_altar
D:3:      layout_loops_ring, first_ration, serial_forest,
          infiniplex_forest_side_room, infiniplex_forest_straight_3,
          infiniplex_forest_clump_small, infiniplex_forest_clump_medium,
          infiniplex_forest_straight_3, chequers_ecumenical_altar_twisty
D:4:      layout_layer_cave, uniq_menkaure, uniq_natasha, uniq_grinder,
          uniq_ijyb

Skill      XL: |  1  2  3  4  5 |
---------------+----------------+-----
Dodging        | 2 |  2.4
Polearms       | 1 2 |  2.3
Throwing       | 1 |  1.0
Long Blades    | 2 |  2.0
Fighting       | 2 |  2.3
Maces & Flails | |  0.1
Stealth        | |  0.5
Shields        | |  0.3
Unarmed Combat | |  3.1
Spellcasting   | |  2.3
Transmutations | |  2.6

Action                   |  1- 3 |  4- 6 || total
-------------------------+-------+-------++-------
Melee: Mace              |    19 |       ||    19
       Spear             |   154 |       ||   154
       Kick              |     3 |       ||     3
       Tailslap          |    26 |     4 ||    30
       Falchion          |    27 |    65 ||    92
       Unarmed           |     3 |       ||     3
Throw: Dart              |    15 |     1 ||    16
 Cast: Beastly Appendage |     6 |     1 ||     7
       Sticks to Snakes  |     3 |     3 ||     6
       Spider Form       |     1 |       ||     1
Invok: Heroism           |       |     4 ||     4
  Use: Scroll            |     3 |       ||     3
       Potion            |     5 |     3 ||     8
 Stab: Sleeping          |     1 |       ||     1
       Distracted        |       |     1 ||     1
  Eat: Ration            |     2 |     1 ||     3
       Chunk             |       |     1 ||     1
Armor: Skin              |    39 |    43 ||    82
Dodge: Dodged            |    96 |    76 ||   172
Block: Buckler           |    24 |    34 ||    58
       Rpst.: Falchion   |     2 |    24 ||    26

Table legend:
 A = Non-vault XP
 B = Vault XP
 C = Vault XP percentage of total XP
 D = Non-vault monster count
 E = Vault monster count
 F = Vault count percentage of total count
                 A         B        C        D         E       F
            +---------+---------+-------+---------+---------+-------
      Total |     312 |       0 |   0.0 |      57 |       0 |   0.0
            +---------+---------+-------+---------+---------+-------
        D:1 |      29 |       0 |   0.0 |      16 |       0 |   0.0
        D:2 |      37 |       0 |   0.0 |      13 |       0 |   0.0
        D:3 |     112 |       0 |   0.0 |      20 |       0 |   0.0
        D:4 |     134 |       0 |   0.0 |       8 |       0 |   0.0
            +---------+---------+-------+---------+---------+-------
